 Dungeon Crawl Stone Soup version 0.14.2 (webtiles) character file.

113 Amnesiac the Charlatan (level 3, 0/18 HPs)
             Began as a Spriggan Artificer on Feb 9, 2018.
             Slain by a phantom (2 damage)
             ... on Level 4 of the Dungeon.
             The game lasted 00:02:27 (1083 turns).

Amnesiac the Charlatan (Spriggan Artificer)         Turns: 1083, Time: 00:02:27

HP   0/18        AC  2     Str  8      XL: 3   Next: 23%
MP   8/8         EV 18     Int 13      God:
Gold 76          SH  0     Dex 16      Spells:  0 memorised,  2 levels left

rFire  . . .     SeeInvis +     a - +0 short sword
rCold  . . .     Clarity  .     e - +0 robe
rNeg   . . .     Conserve .     (shield restricted)
rPois  .         rCorr    .     (helmet restricted)
rElec  .         rRot     .     (no cloak)
SustAb . .       Spirit   .     (gloves unavailable)
rMut   .         Warding  .     (boots unavailable)
Saprov . . .     Stasis   .     (no amulet)
MR     .....                    (no ring)
                                (no ring)

@: very quick, not resistant to hostile enchantments, fairly stealthy
A: unfitting armour, see invisible, herbivore 3, speed 3, slow metabolism 2
a: no special abilities


You were on level 4 of the Dungeon.
You were not hungry.

You visited 1 branch of the dungeon, and saw 4 of its levels.

You collected 76 gold pieces.

Inventory:

Hand weapons
 a - a +0,+0 short sword (weapon)
Armour
 e - a +0 robe (worn)
 s - a +2 cloak
Magical devices
 b - a wand of flame (8)
 c - a wand of enslavement (15)
 d - a wand of random effects (13)
Comestibles
 n - a bread ration
Scrolls
 g - a scroll of magic mapping {!r, unknown}
 i - 2 scrolls of identify {!r, unknown}
 j - a scroll of noise {!r, unknown}
 k - 2 scrolls of teleportation {!r, unknown}
 m - 2 scrolls of enchant weapon II {!r, unknown}
 o - a scroll of enchant armour {!r, unknown}
Potions
 f - a potion of porridge {!q}
 h - 2 potions of mutation {!q, unknown}
 l - a potion of heal wounds {!q, unknown}
 p - a potion of magic {!q, unknown}
 r - a potion of beneficial mutation {!q, unknown}
Books
 q - a book of Ice

   Spells                             Type                      Level
   Freezing Aura                      Charms/Ice                   2
   Metabolic Englaciation             Hexes/Ice                    5
   Ozocubu's Refrigeration            Ice                          6
   Bolt of Cold                       Conjuration/Ice              6
   Freezing Cloud                     Conjuration/Ice/Air          6
   Simulacrum                         Ice/Necromancy               6


   Skills:
 - Level 1.0 Fighting
 - Level 2.5 Short Blades
 + Level 3.3 Dodging
 - Level 1.5 Stealth
 * Level 4.7 Evocations


You had 2 spell levels left.
You didn't know any spells.

Dungeon Overview and Level Annotations

Branches:
Dungeon (4/15)
 Temple: D:4-7

Altars:

Annotations:
D:4 exclusion: orc priest


Innate Abilities, Weirdness & Mutations

You are tiny and cannot use many weapons and most armour.
You have supernaturally acute eyesight.
You are a herbivore.
You cover ground extremely quickly.
You need consume almost no food.


Message History

The puff of flame hits the phantom.
The phantom is lightly damaged.
This wand has 14 charges left.
You hear the slow rusting of a drain, a long way away.
Found a cloak.
Found a stone staircase leading down.
Evoke which item? (* to show all) (? for menu, Esc to quit)
Zapping:
b - a wand of flame (14)
Press: ? - help, Shift-Dir - straight line, f/p - phantom
Aim: a phantom (lightly damaged)
The puff of flame hits the phantom.
The phantom is moderately damaged.
This wand has 13 charges left.
Found 20 stones.
Evoke which item? (* to show all) (? for menu, Esc to quit)
Zapping:
b - a wand of flame (13)
Press: ? - help, Shift-Dir - straight line, f/p - phantom
Aim: a phantom (moderately damaged)
The puff of flame hits the phantom.
The phantom is heavily damaged.
This wand has 12 charges left.
The phantom blinks!
Found 26 arrows.
You see here a cloak.
s - a cloak Evoke which item? (* to show all) (? for menu, Esc to quit)
Okay, then.
Found 27 stones.
Evoke which item? (* to show all) (? for menu, Esc to quit)
Zapping:
d - a wand of random effects (14)
Press: ? - help, Shift-Dir - straight line, f/p - phantom
Aim: a phantom (heavily damaged)
The phantom seems to speed up.
This wand has 13 charges left.
The phantom closely misses you.
The phantom blinks!
Evoke which item? (* to show all) (? for menu, Esc to quit)
Zapping:
b - a wand of flame (12)
Press: ? - help, Shift-Dir - straight line, f/p - phantom
Aim: a phantom (heavily damaged, moving very quickly)
The puff of flame hits the phantom.
The phantom is heavily damaged.
This wand has 11 charges left.
Evoke which item? (* to show all) (? for menu, Esc to quit)
Zapping:
b - a wand of flame (11)
Press: ? - help, Shift-Dir - straight line, f/p - phantom
Aim: a phantom (heavily damaged, moving very quickly)
The puff of flame hits the phantom.
The phantom is severely damaged.
This wand has 10 charges left.
Evoke which item? (* to show all) (? for menu, Esc to quit)
Zapping:
b - a wand of flame (10)
Press: ? - help, Shift-Dir - straight line, f/p - phantom
Aim: a phantom (severely damaged, moving very quickly)
The puff of flame hits the phantom.
The phantom is severely damaged.
This wand has 9 charges left.
Evoke which item? (* to show all) (? for menu, Esc to quit)
Zapping:
b - a wand of flame (9)
Press: ? - help, Shift-Dir - straight line, f/p - phantom
Aim: a phantom (severely damaged, moving very quickly)
The puff of flame hits the phantom.
The phantom is almost destroyed.
This wand has 8 charges left.
The phantom hits you.
You die...

#####################
......................
#......................
#......................
#......................
#......................
#.......(..(...........
#......p...............
#.....@.....>..........
#.........(............
#...................###
#............. .....#
#............. .....#
#............ ....
........... .........
...


You could see a phantom.

Vanquished Creatures
  An adder (D:3)
  A giant mite (D:4)
  An ooze (D:1)
  An orc (D:3)
  A bat (D:4)
  2 goblins
  3 hobgoblins (D:2)
  3 giant newts
  3 kobolds
  A rat (D:2)
17 creatures vanquished.

Notes
Turn   | Place    | Note
--------------------------------------------------------------
     0 | D:1      | Amnesiac, the Spriggan Artificer, began the quest for the Orb.
     0 | D:1      | Reached XP level 1. HP: 9/9 MP: 2/2
    72 | D:1      | Reached skill level 1 in Fighting
   335 | D:2      | Reached XP level 2. HP: 14/14 MP: 5/5
   791 | D:3      | Reached XP level 3. HP: 6/18 MP: 8/8
  1036 | D:4      | Noticed a phantom
  1083 | D:4      | Slain by a phantom

Action                   || total
-------------------------++-------
Melee: Short sword       ||   100
Evoke: Wand              ||     9
 Stab: Sleeping          ||     3
